Map: Ever Dream LE

Players

INnoVation

  • Race: Terran Terran
  • Spawn Location: 7:00

Serral - Winner!

  • Race: Zerg Zerg
  • Spawn Location: 1:00

Event: StayAtHomestory Cup #1

VOD

Have the link to the VOD?

Description

Time

  • Played on: April 11, 2020, 5:42 p.m.
  • Length: 15:26

All games in this series

Show
View Real Time Build Order
Export as new Build Order

INnoVation Terran 

Build Orders: Liberator Opening, Reaper Expand 

Get SALT Encoding   

  12  0:00  SCV  
  13  0:13  SCV  
  14  0:18  Supply Depot  
  14  0:25  SCV  
  15  0:40  Barracks  
  15  0:49  Barracks  
  15  0:54  SCV  
  16  0:59  Refinery  
  16  1:06  SCV  
  17  1:18  SCV  
  17  1:27  Marine  
  17  1:30  Orbital Command  
  17  1:40  Supply Depot  
  17  1:45  Reaper  
  18  1:56  SCV  
  19  2:05  Command Center  
  19  2:09  SCV  
  20  2:21  SCV  
  20  2:22  Factory  
  21  2:33  SCV  
  22  2:45  SCV  
  22  2:50  Command Center  
  23  2:57  SCV  
  24  3:07  Starport  
  24  3:09  SCV  
  25  3:18  Orbital Command  
  25  3:21  SCV  
  25  3:23  Barracks Reactor, Refinery  
  26  3:29  Hellion  
  26  3:33  SCV  
  29  3:34  Orbital Command  
  29  3:46  SCV  
  30  3:58  SCV, Liberator  
  30  4:02  SCV  
  36  4:04  Orbital Command  
  36  4:08  Hellion x2  
  36  4:09  Barracks Tech Lab  
  38  4:13  SCV  
  38  4:14  SCV  
  40  4:19  Supply Depot  
  40  4:26  SCV  
  40  4:27  SCV  
  40  4:29  Stimpack  
  40  4:30  Hellion x2  
  46  4:35  Marine  
  46  4:37  SCV  
  48  4:38  SCV  
  48  4:39  SCV  
  48  4:44  Starport Reactor, Supply Depot  
  50  4:51  Hellion x2  
  54  4:53  SCV x2  
  54  4:54  SCV  
  54  4:56  Marine  
  58  5:07  Supply Depot  
  58  5:08  SCV x3  
  61  5:19  Factory Tech Lab  
  62  5:21  SCV x3  
  62  5:24  Marine  
  62  5:27  Barracks  
  62  5:28  Starport Reactor, Barracks  
  65  5:29  Engineering Bay  
  65  5:30  Engineering Bay, Refinery x2  
  65  5:31  Supply Depot  
  65  5:33  SCV x3  
  59  5:44  Marine  
  59  5:48  SCV x2  
  60  5:56  Siege Tank  
  60  5:57  Terran Infantry Weapons Level 1, Terran Infantry Armor Level 1  
  63  6:00  SCV x2  
  63  6:01  Barracks  
  63  6:02  Marine  
  66  6:04  Barracks  
  66  6:09  Orbital Command  
  66  6:12  SCV x2  
  66  6:13  Combat Shield  
  66  6:16  Supply Depot, Marine x4  
  72  6:19  Medivac  
  72  6:20  Medivac, Marine  
  72  6:24  SCV x2  
  79  6:31  Supply Depot  
  79  6:32  Siege Tank  
  82  6:36  SCV x3, Marine x4  
  82  6:38  Supply Depot, Marine  
  90  6:48  SCV x3, Supply Depot  
  93  6:56  Barracks Reactor x2, Marine x3  
  93  6:57  Marine x2  
  93  7:00  SCV x3  
  101  7:02  Armory  
  101  7:03  Supply Depot  
  101  7:06  Supply Depot, Refinery x2, Siege Tank  
  104  7:14  Marine x4  
  104  7:15  Marine  
  109  7:17  SCV x3  
  109  7:18  Medivac  
  109  7:19  Medivac  
  116  7:23  Supply Depot  
  116  7:32  SCV x3, Marine  
  116  7:33  Marine  
  116  7:34  Marine x7  
  121  7:44  Siege Tank  
  121  7:50  Marine  
  123  7:51  Marine x6  
  123  7:52  Marine x2  
  123  7:54  Terran Infantry Armor Level 2, Terran Infantry Weapons Level 2  
  129  8:07  Marine  
  129  8:09  Marine x6  
  129  8:10  Medivac x2  
  140  8:14  Marine  
  124  8:21  Marine  
  124  8:24  Siege Tank  
  124  8:25  Marine  
  123  8:27  Marine x6  
  123  8:31  Marine  
  123  8:33  Terran Vehicle Weapons Level 1  
  116  8:34  Factory  
  116  8:39  Marine  
  117  8:43  Marine  
  117  8:44  Command Center  
  117  8:45  Marine x6  
  124  8:49  Marine  
  124  8:50  Medivac x2  
  129  8:56  Marine  
  129  8:58  Siege Tank  
  129  9:00  Sensor Tower  
  129  9:01  Marine  
  129  9:02  Marine  
  134  9:03  Marine x5  
  134  9:07  Marine  
  141  9:14  Marine, Barracks x3  
  142  9:19  Marine  
  142  9:20  Marine x4, Factory Tech Lab  
  142  9:21  Marine x2  
  142  9:23  Concussive Shells  
  149  9:27  Marine  
  146  9:32  Marine  
  146  9:33  Factory Reactor  
  146  9:35  Drilling Claws  
  146  9:37  Marine  
  146  9:38  SCV x3, Marine x4  
  146  9:40  Marine x2  
  149  9:49  Marine  
  149  9:51  Marine  
  149  9:52  SCV  
  149  9:54  Missile Turret  
  149  9:55  SCV x2, Marine, Thor  
  149  9:56  Marine x4  
  162  10:05  SCV  
  162  10:08  SCV x2  
  162  10:12  Terran Infantry Weapons Level 3, Terran Infantry Armor Level 3  
  164  10:20  Widow Mine  
  164  10:21  Marine, Widow Mine  
  164  10:24  Planetary Fortress  
  164  10:28  Marauder, Marine  
  141  10:29  Marine  
  134  10:41  Marine x9  
  119  10:44  SCV  
  119  10:46  Marine  
  119  10:49  Missile Turret  
  119  10:54  Widow Mine x2  
  119  10:55  SCV x2  
  119  10:56  SCV  
  126  11:02  Thor  
  132  11:04  Terran Vehicle And Ship Armor Level 1  
  132  11:05  Barracks Tech Lab x3  
  132  11:14  Medivac x2  
  132  11:15  Marauder, Marine  
  139  11:19  SCV x2  
  139  11:25  Widow Mine x2  
  142  11:26  Marauder x2, Marine  
  142  11:27  Marine  
  142  11:29  Marine  
  144  11:34  SCV  
  144  11:35  SCV  
  144  11:36  Marauder  
  144  11:44  SCV x2  
  144  11:47  SCV x2, Marauder x3, Marine  
  147  11:57  SCV  
  148  12:03  Medivac x2  
  148  12:05  Supply Depot  
  148  12:07  Supply Depot  
  148  12:08  SCV x3  
  146  12:16  Widow Mine x2  
  146  12:17  Supply Depot  
  150  12:26  SCV  
  150  12:27  SCV x2, Missile Turret  
  153  12:34  Missile Turret  
  153  12:38  Marauder x4  
  161  12:44  Missile Turret  
  161  12:45  Widow Mine x2  
  161  12:46  SCV  
  161  12:49  SCV x2  
  161  12:50  SCV  
  169  12:53  Widow Mine  
  171  12:59  Marauder  
  171  13:00  Marauder x2  
  171  13:02  Medivac  
  171  13:05  Marine  
  179  13:14  Orbital Command  
  124  13:51  Marine x2  
  124  13:52  Marine x6  
  124  13:53  Medivac, Widow Mine, Marine x4  
  124  13:54  Widow Mine x2  
  106  14:03  Medivac  
  106  14:09  Marine x4  
  104  14:10  Marine x4  
  104  14:11  Marine x4  
  104  14:14  Widow Mine  
  102  14:18  Orbital Command  
  95  14:27  Marine x4  
  95  14:28  Marine x5  
  104  14:33  Widow Mine  
  104  14:34  Widow Mine  
  104  14:37  Medivac x2  
  104  14:38  Marine  
  107  14:56  Marauder x4  
  107  14:58  Marine x2  
  117  15:01  Marine x3  
  117  15:05  Marine  
  117  15:06  Marine x2  
Show
View Real Time Build Order
Export as new Build Order

Serral Zerg - Winner!

Build Orders: Hatch First, Muta Ling Bane 

Get SALT Encoding   

  12  0:00  Drone  
  13  0:12  Overlord  
  13  0:17  Drone  
  14  0:31  Drone x2  
  16  0:47  Hatchery  
  15  0:51  Drone  
  16  1:08  Spawning Pool  
  15  1:13  Drone  
  16  1:19  Drone  
  16  1:25  Drone  
  18  1:32  Drone, Extractor  
  18  1:42  Drone  
  19  1:48  Drone  
  20  1:54  Queen  
  22  2:02  Queen  
  22  2:07  Overlord  
  24  2:12  Zergling x2  
  24  2:13  Zergling x2  
  26  2:16  Drone  
  26  2:18  Drone  
  28  2:30  Zergling x2  
  28  2:31  Spore Crawler  
  28  2:32  Drone  
  28  2:34  Drone  
  31  2:45  Queen  
  31  2:46  Metabolic Boost  
  33  2:52  Overlord  
  33  2:58  Drone  
  33  2:59  Drone x2  
  36  3:12  Hatchery  
  35  3:14  Drone  
  35  3:15  Drone  
  37  3:20  Drone x2  
  37  3:23  Drone  
  37  3:26  Overlord  
  40  3:30  Drone  
  40  3:31  Drone  
  42  3:35  Queen  
  44  3:44  Overlord  
  44  3:45  Drone x2  
  44  3:47  Overlord  
  46  3:49  Drone  
  46  3:54  Drone x3  
  50  3:57  Zergling x2  
  50  3:58  Drone  
  50  4:00  Overlord  
  52  4:03  Drone  
  53  4:10  Drone  
  53  4:11  Extractor  
  53  4:14  Evolution Chamber x2, Queen  
  53  4:15  Drone  
  54  4:18  Drone  
  54  4:21  Drone  
  56  4:26  Queen  
  56  4:29  Zergling x2  
  56  4:30  Drone x2  
  61  4:32  Drone  
  61  4:38  Spore Crawler  
  61  4:39  Zergling x2  
  61  4:40  Spore Crawler, Drone  
  61  4:42  Zerg Ground Armor Level 1  
  61  4:44  Drone  
  63  4:46  Drone x2  
  63  4:51  Zerg Melee Weapons Level 1  
  63  4:52  Drone  
  66  4:54  Drone  
  66  4:55  Drone  
  66  4:56  Zergling x2  
  66  4:59  Drone x2  
  71  5:03  Overlord  
  71  5:04  Drone  
  71  5:06  Zergling x2  
  71  5:07  Zergling x2  
  74  5:08  Drone  
  75  5:17  Overlord x2  
  75  5:18  Lair  
  75  5:21  Extractor  
  74  5:26  Drone x5, Baneling Nest  
  79  5:28  Drone x2  
  79  5:31  Zergling x2  
  79  5:33  Drone  
  81  5:42  Drone x5  
  84  5:45  Extractor  
  84  5:47  Hatchery  
  78  5:50  Zergling x4  
  78  5:51  Drone x3  
  83  5:57  Drone x3  
  83  5:58  Drone  
  87  6:04  Overlord  
  87  6:05  Extractor x2  
  87  6:06  Drone  
  87  6:09  Drone  
  87  6:10  Zergling x2  
  88  6:13  Zergling x2  
  88  6:16  Overseer, Centrifical Hooks  
  89  6:21  Zergling x10  
  94  6:32  Hatchery, Zergling x2, Spire  
  93  6:33  Zergling x8  
  93  6:39  Zerg Ground Armor Level 2  
  97  6:40  Zergling x10  
  102  6:48  Zergling x8  
  102  6:49  Zerg Melee Weapons Level 2  
  106  6:57  Overlord x2  
  106  6:59  Queen  
  106  7:00  Drone x4  
  112  7:04  Overlord  
  112  7:07  Overlord  
  112  7:15  Baneling x2  
  112  7:16  Baneling x6  
  112  7:19  Drone x2  
  112  7:20  Drone x2  
  112  7:21  Drone x2  
  112  7:22  Zergling x6  
  121  7:26  Zergling x6  
  121  7:29  Overlord  
  124  7:30  Baneling  
  124  7:31  Baneling x7  
  124  7:33  Overlord  
  124  7:36  Zergling x14  
  129  7:40  Zergling x6  
  124  7:50  Overlord  
  123  7:52  Zergling x8  
  123  7:56  Baneling x2  
  127  7:58  Zerg Flyer Weapons Level 1  
  127  8:03  Zergling x20  
  137  8:11  Zergling x10  
  142  8:13  Baneling x10  
  130  8:21  Zergling x4  
  130  8:22  Zergling x10, Baneling x2  
  130  8:34  Mutalisk x9  
  125  8:35  Overlord  
  125  8:37  Drone x3  
  146  8:44  Hatchery  
  145  8:50  Drone  
  145  8:52  Baneling x9  
  146  8:55  Overlord  
  146  8:57  Overlord  
  146  8:58  Zergling x2  
  146  8:59  Zergling x14  
  154  9:05  Baneling x4  
  154  9:06  Baneling x5  
  154  9:07  Overseer  
  154  9:13  Zergling x20  
  164  9:17  Unknown  
  164  9:18  Infestation Pit  
  164  9:20  Drone x3  
  165  9:24  Overlord x2  
  165  9:26  Mutalisk x2  
  165  9:28  Mutalisk  
  171  9:34  Mutalisk  
  171  9:37  Zergling x16  
  171  9:38  Zergling x2  
  182  9:44  Mutalisk  
  184  9:47  Zergling x10  
  186  10:00  Mutalisk x3  
  186  10:04  Zergling x18  
  200  10:07  Hive  
  200  10:14  Zerg Flyer Weapons Level 2  
  200  10:19  Pneumatized Carapace  
  197  10:22  Overlord  
  197  10:27  Zergling x18  
  175  10:39  Zergling x30  
  175  10:40  Zergling x6  
  176  10:47  Overseer  
  176  10:50  Baneling x16  
  176  10:53  Zergling x20  
  176  10:56  Baneling x11  
  186  10:59  Drone  
  186  11:00  Mutalisk  
  186  11:01  Mutalisk  
  186  11:03  Zergling x4  
  193  11:07  Burrow  
  193  11:09  Zergling x8  
  194  11:24  Zergling x28  
  163  11:43  Zergling x26  
  163  11:47  Baneling x14  
  166  11:50  Adrenal Glands  
  166  11:52  Baneling x11  
  166  11:53  Zergling x8  
  170  11:59  Hatchery  
  167  12:12  Zergling x2  
  167  12:13  Zergling x6  
  171  12:22  Ultralisk Cavern, Drone x4  
  170  12:23  Drone  
  170  12:26  Drone x2  
  170  12:29  Zergling x2  
  181  12:30  Zergling x14  
  181  12:33  Baneling x2  
  181  12:37  Baneling x7  
  181  12:40  Baneling x3  
  181  12:48  Overseer x2  
  181  12:49  Drone x2  
  181  12:50  Extractor  
  182  12:51  Spore Crawler, Drone x3  
  182  12:52  Spine Crawler  
  183  13:03  Baneling x6  
  182  13:09  Zergling x42  
  192  13:15  Baneling x13  
  174  13:23  Zergling x20  
  172  13:30  Baneling x15  
  162  13:39  Zergling x26  
  164  13:44  Baneling x8  
  164  13:45  Zergling x12  
  149  13:56  Chitinous Plating  
  149  13:58  Ultralisk  
  149  13:59  Ultralisk  
  158  14:04  Baneling x6  
  158  14:11  Swarm Host  
  158  14:12  Ultralisk x2  
  173  14:23  Ultralisk  
  179  14:26  Hatchery, Extractor  
  179  14:27  Unknown  
  176  14:31  Drone x2  
  176  14:32  Drone  
  176  14:33  Ultralisk  
  176  14:36  Overlord x2  
  183  14:55  Overlord  
  183  14:57  Baneling x4  
  182  15:01  Zergling x26  
Tags
 
Add a new tag
Caveats
  • Supply blocks, unpowered buildings, or Contaminate may cause inaccurate times.
  • Supply counts are checked every 10 seconds.